 Dungeon Crawl Stone Soup version 0.29.1-2-gbd0b4ee654 (webtiles) character file.

Game seed: 16057093845365552525

8 stoarme the Caller (level 2, 0/15 HPs)
             Began as a Tengu Summoner on Nov 6, 2022.
             Slain by an adder (2 damage)
             ... on level 2 of the Dungeon.
             The game lasted 00:03:26 (266 turns).

stoarme the Caller (Tengu Summoner)                  Turns: 266, Time: 00:03:26

Health: 0/15       AC:  2    Str:  8    XL:     2   Next: 8%
Magic:  5/6        EV: 12    Int: 15    God:
Gold:   0          SH:  0    Dex: 14    Spells: 4/5 levels left

rFire   . . .      SeeInvis .   c - +0 dagger
rCold   . . .      Faith    .   (no shield)
rNeg    . . .      Spirit   .   a - +0 robe
rPois   .          Reflect  .   (helmet restricted)
rElec   .          Harm     .   (no cloak)
rCorr   .          Rampage  .   (no gloves)
Will    .....                   (boots unavailable)
Stlth   ++........              (no amulet)
HPRegen 0.05/turn               (no ring)
MPRegen 0.10/turn               (no ring)

@: lethally poisoned (0 -> -3)
A: beak, talons 3
a: no special abilities


You were on level 2 of the Dungeon.
You visited 1 branch of the dungeon, and saw 2 of its levels.

Inventory:

Hand Weapons
 c - a +0 dagger (weapon)
Armour
 a - a +0 robe (worn)
Potions
 b - a potion of magic


   Skills:
 * Level 2.3 Dodging
 + Level 2.0 Stealth
 + Level 2.0 Spellcasting
 * Level 5.1 Summonings


You had 4 spell levels left.
You knew the following spells:

 Your Spells              Type           Power      Damage    Failure   Level
a - Summon Small Mammal   Summ           68%        N/A       2%          1

Your spell library contained the following spells:

 Spells                   Type           Power      Damage    Failure   Level
 Call Imp                 Summ           17%        N/A       4%          2
 Call Canine Familiar     Summ           17%        N/A       8%          3
 Summon Guardian Golem    Hex/Summ       9%         N/A       22%         3
 Summon Lightning Spire   Summ/Air       9%         N/A       58%         4


Dungeon Overview and Level Annotations

Branches:
Dungeon (1/15)

Altars:


Innate Abilities, Weirdness & Mutations

You have a beak for a mouth.
You have claws for feet.


Message History

The adder closely misses your bat.
Your bat hits the adder but does no damage.
Your bat hits the adder but does no damage.
Your bat completely misses the adder.
Your bat misses the adder.
Your bat closely misses the adder.
The adder bites your bat.
Your bat misses the adder.
The adder bites your bat but does no damage.
Your bat closely misses the adder.
The adder bites your bat.
Your bat dies!
Your bat's corpse disappears in a puff of smoke!
There is an empty arch of ancient stone here.
Casting: Summon Small Mammal (safe; 2% risk of failure)
Confirm with . or Enter, or press ? or * to list all spells.
Your bat barely misses the adder.
The adder completely misses your bat.
Your bat hits the adder but does no damage.
Your bat barely misses the adder.
Your bat misses the adder. The adder bites your bat.
Your bat closely misses the adder.
There is an open door here.
Your bat hits the adder.
Your bat closely misses the adder.
The adder misses your bat.
Your bat closely misses the adder.
Your bat hits the adder but does no damage.
The adder bites your bat.
Your bat dies!
Your bat's corpse disappears in a puff of smoke!
You hit the adder. You peck the adder.
The adder is heavily wounded.
The adder bites you.
* * * LOW HITPOINT WARNING * * *
You are lethally poisoned!
The adder poisons you!
You miss the adder. You claw the adder, but do no damage.
The adder is heavily wounded.
* * * LOW HITPOINT WARNING * * *
You feel sick. The adder bites you but does no damage.
You hit the adder. You peck the adder, but do no damage.
The adder is severely wounded.
* * * LOW HITPOINT WARNING * * *
You feel sick. The adder bites you.
You die...

#+# ♣.♣ ♣.♣ ##♣♣♣.♣♣♣###
###########
.'.†.∩...'.######.........#
.#♣♣♣.♣♣♣#.....S@.#######.#
.# ♣.♣ ############ #.# .#
♣.♣ #..........# #.# .. #+#
##########.# #.# ## #.# #.#
#.# #.# ###.#####.#
#.........# #.....#######


You could see an adder.

Vanquished Creatures
  A worm (D:2)
  An endoplasm (D:1)
  A ball python (D:1)
  2 frilled lizards (D:1)
5 creatures vanquished.

Vanquished Creatures (collateral kills)
  An endoplasm (D:2)
1 creature vanquished.

Grand Total: 6 creatures vanquished

Notes
Turn   | Place    | Note
-------+----------+-------------------------------------------
     0 | D:1      | stoarme the Tengu Summoner began the quest for the Orb.
     0 | D:1      | Reached XP level 1. HP: 10/10 MP: 4/4
   140 | D:1      | Reached skill level 5 in Summonings
   161 | D:1      | You fall into a shaft and drop 1 floor!
   227 | D:2      | Reached XP level 2. HP: 15/15 MP: 6/6
   266 | D:2      | Slain by an adder

Illustrated notes

Levels and vault maps discovered:
D:1:      dpeg_arrival_tiny_a, layout_basic,
          hellmonk_ecumenical_altar_pennies_from_heaven
D:2:      layout_loops_ring, kennysheep_flooded_box, serial_bayou_pond_d

Skill      XL: |  1 |
---------------+----+-----
Summonings     | 5 |  5.1
Dodging        | |  2.3
Stealth        | |  2.0
Spellcasting   | |  2.0

Action                   || total
-------------------------++-------
Melee: Dagger            ||    13
       Peck              ||     5
       Kick              ||     3
 Cast: Summon Small Mamm ||     7
 Stab: Sleeping          ||     1
Armor: Robe              ||     1
Dodge: Dodged            ||     5
